 Dungeon Crawl Stone Soup version 0.25.1-11-g244df3a29b (webtiles) character file.

Game seed: 10593816389460313899

2412 avis the Ruffian (level 9, 90/90 HPs)
             Began as an Ogre Transmuter on Nov 17, 2020.
             Was a Believer of Hepliaklqana.
             Quit the game on level 6 of the Dungeon on Apr 22, 2022.
             The game lasted 00:48:47 (8587 turns).

avis the Ruffian (Ogre Transmuter)                  Turns: 8587, Time: 00:48:48

Health: 90/90      AC:  6    Str: 17    XL:     9   Next: 47%
Magic:  15/15      EV: 10    Int: 15    God:    Hepliaklqana [**....]
Gold:   402        SH:  0    Dex: 10    Spells: 1/16 levels left

rFire    x . .     SeeInvis .     - Unarmed
rCold    + + +     Gourm    .   (shield currently unavailable)
rNeg     . . .     Faith    .   (armour currently unavailable)
rPois    +         Spirit   .   (helmet currently unavailable)
rElec    .         Reflect  .   (cloak currently unavailable)
rCorr    .         Harm     .   (gloves unavailable)
MR       .....                  (boots unavailable)
Stlth    +.........             (no amulet)
HPRegen  0.25/turn              a - ring of wizardry
MPRegen  0.14/turn              (no ring)

@: ice-form
A: large, unfitting armour, reduced essence
a: End Transformation, Recall Ancestor, Ancestor Identity, Renounce Religion


You were on level 6 of the Dungeon.
You worshipped Hepliaklqana.
Hepliaklqana was pleased with you.
You were not hungry.
You were a creature of crystalline ice.
You visited 2 branches of the dungeon, and saw 7 of its levels.
You also visited: Sewer.

You collected 402 gold pieces.

Inventory:

Hand Weapons
 g - a +0 giant club
 r - a +0 shortbow
 t - the +6 quarterstaff "Xetoemm" {holy, rC+}
   (You found it on level 6 of the Dungeon)

   It has been blessed by the Shining One to cause great damage to the undead
   and demons.
   It protects you from cold.
 z - a +0 shortbow
 T - a +3 dagger
Missiles
 e - 62 sling bullets
 m - 107 arrows
 y - 87 stones
 A - 14 curare-tipped darts
 B - 21 poisoned darts (quivered)
 F - 6 boomerangs
 P - 34 bolts
Armour
 b - a +0 robe (melded)
 H - a +1 tower shield
 K - a +0 pair of gloves
Jewellery
 a - a ring of wizardry (left front paw)
Wands
 G - a wand of acid (16)
 R - a wand of polymorph (5)
Scrolls
 c - 3 scrolls of teleportation
 f - 3 scrolls of fear
 h - a scroll of enchant armour
 i - 7 scrolls of remove curse
 j - a scroll of immolation {unknown}
 l - 3 scrolls of amnesia
 w - a scroll of magic mapping
 C - a scroll of blinking {unknown}
 I - a scroll of noise {unknown}
 N - a scroll of enchant weapon {unknown}
 O - 2 scrolls of identify
 S - a scroll of random uselessness {unknown}
Potions
 k - 4 potions of flight
 n - a potion of lignification
 o - 2 potions of berserk rage
 p - a potion of haste
 q - a potion of magic
 s - a potion of degeneration {unknown}
 u - a potion of cancellation {unknown}
 v - 2 potions of invisibility
 x - a potion of mutation {unknown}
 D - 6 potions of curing {unknown}
 E - 3 potions of might {unknown}
 J - a potion of brilliance {unknown}
 L - 2 potions of heal wounds {unknown}
 M - 2 potions of stabbing {unknown}
Comestibles
 d - 11 rations
 Q - a chunk of flesh


   Skills:
 + Level 3.7 Fighting
 - Level 1.7 Dodging
 + Level 7.2 Unarmed Combat
 - Level 4.0 Spellcasting
 + Level 6.8 Transmutations
 - Level 4.0 Ice Magic
 - Level 3.0 Poison Magic


You had one spell level left.
You knew the following spells:

 Your Spells              Type           Power        Failure   Level  Hunger
a - Beastly Appendage     Tmut           ###...       1%          1    None
b - Sticks to Snakes      Tmut           ###.....     1%          2    ##.....
p - Spider Form           Tmut/Pois      ###.......   3%          3    ###....
q - Ice Form              Ice/Tmut       ###.....     9%          4    ####...
B - Blade Hands           Tmut           ###.......   12%         5    ######.

Your spell library contained the following spells:

 Spells                   Type           Power        Failure   Level  Hunger


Dungeon Overview and Level Annotations

Branches:
Dungeon (6/15)             Temple (1/1) D:4           Sewer (visited)

Altars:
Dithmenos
Hepliaklqana
Ru
Vehumet
Xom


Innate Abilities, Weirdness & Mutations

You are too large for most types of armour.
((You have tough skin. (AC +1)))
Your life essence is reduced to manifest your ancestor. (-10% HP)


Message History

You turn into a creature of crystalline ice.
Your +0 robe melds into your body.
You are feeling hungry.
The jackal skeleton bites you but does no damage.
You hit the jackal skeleton.
The jackal skeleton is moderately damaged.
The jackal skeleton closely misses you.
You punch the jackal skeleton!
You destroy the jackal skeleton!
Some of the chunks of flesh in your inventory have rotted away.
Eating one of 2 chunks of flesh.
You eat one of the 2 chunks of flesh.
This raw flesh tastes terrible.
Done exploring.
Done exploring.
Saving game... please wait.
Welcome back, avis the Ogre Transmuter.
Hepliaklqana says: Your past becomes your present!
Press ? for a list of commands and other information.
Done exploring.
Are you sure you want to abandon this character and quit the game? (Confirm with "yes".)

#### ###..#
##....#### ###
#........# #.#####
#........# ##Y##..#
##.....#.#
#......####........
#...#.............#
#####........>....#
#.............#
####...........
###..#......
#...##.....
#...##.....


There were no monsters in sight!

Vanquished Creatures
  Sigmund (D:2)
  Menkaure (D:5)
  2 orc warriors
  2 ice beasts (D:6)
  2 ogres
  A phantom (D:4)
  3 centaurs
  2 big kobolds (Sewer)
  A bullfrog (D:6)
  A scorpion (D:6)
  A bullfrog zombie (D:6)
  2 orc priests (D:4)
  2 jellies (D:5)
  3 hounds
  7 orc wizards
  4 worker ants
  A hound zombie (D:6)
  A howler monkey zombie (D:6)
  A howler monkey skeleton (D:5)
  A gnoll (D:1)
  2 river rats (D:6)
  11 adders
  An ooze (D:2)
  7 worms
  3 dart slugs (D:1)
  A leopard gecko (D:6)
  10 orcs
  8 bats
  9 giant cockroaches
  9 goblins
  5 hobgoblins
  9 quokkas
  3 ball pythons (Sewer)
  8 frilled lizards
  2 jackal skeletons
  20 kobolds
  5 rats
  A fungus (Sewer)
  2 plants (D:4)
155 creatures vanquished.

Vanquished Creatures (collateral kills)
  A centaur (D:5)
  A crimson imp (D:4)
  An orc wizard (D:5)
  2 adders (D:3)
  A white imp (D:4)
  An ooze (D:3)
  2 orcs
  A bat (D:3)
  A quokka (D:5)
  A plant (D:4)
12 creatures vanquished.

Vanquished Creatures (others)
  A hexer (D:5)
  An ancestor (D:3)
  A plant (D:4)
3 creatures vanquished.

Grand Total: 170 creatures vanquished

Notes
Turn   | Place    | Note
-------+----------+-------------------------------------------
     0 | D:1      | avis the Ogre Transmuter began the quest for the Orb.
     0 | D:1      | Reached XP level 1. HP: 19/19 MP: 3/3
    57 | D:1      | Upgraded the game from 0.25.1-2-g60ff931df9 to
                  | 0.25.1-8-g42b30a86e7
   129 | D:1      | Reached skill level 3 in Unarmed Combat
   129 | D:1      | Reached XP level 2. HP: 23/27 MP: 2/5
   395 | D:1      | Reached XP level 3. HP: 21/33 MP: 5/7
   503 | D:1      | Learned a level 2 spell: Sticks to Snakes
   507 | D:1      | Learned a level 3 spell: Spider Form
   855 | D:2      | Noticed Sigmund
   978 | D:2      | Killed Sigmund
   978 | D:2      | Reached skill level 4 in Unarmed Combat
   978 | D:2      | Reached XP level 4. HP: 23/41 MP: 5/8
   978 | D:2      | Reached XP level 5. HP: 27/48 MP: 5/9
  1241 | D:2      | Reached XP level 6. HP: 41/55 MP: 8/10
  2346 | D:2      | Noticed a shadow
  2347 | D:2      | Found a shadowy altar of Dithmenos.
  2348 | D:2      | Found a hazy altar of Hepliaklqana.
  2352 | D:2      | Became a worshipper of Hepliaklqana the Forgotten
  2392 | D:2      | Upgraded the game from 0.25.1-8-g42b30a86e7 to
                  | 0.25.1-9-gc5326a611f
  2520 | D:3      | Found a shimmering altar of Xom.
  4092 | D:4      | Reached XP level 7. HP: 54/55 MP: 7/11
  4175 | D:4      | Reached skill level 5 in Unarmed Combat
  4181 | D:4      | Found a sacrificial altar of Ru.
  4193 | D:4      | Reached * piety under Hepliaklqana
  4447 | D:4      | Found a staircase to the Ecumenical Temple.
  4526 | Temple   | Entered the Ecumenical Temple
  5223 | Temple   | Learned a level 4 spell: Ice Form
  5242 | D:5      | Entered Level 5 of the Dungeon
  5692 | D:5      | Reached skill level 1 in Ice Magic
  5991 | D:5      | Reached skill level 5 in Transmutations
  5991 | D:5      | Reached XP level 8. HP: 64/64 MP: 12/12
  6033 | D:5      | Noticed Menkaure
  6039 | D:5      | Killed Menkaure
  6247 | D:5      | Reached skill level 6 in Unarmed Combat
  6554 | D:5      | Reached ** piety under Hepliaklqana
  6555 | D:5      | Remembered your ancestor Njabulo as a hexer
  6620 | D:5      | Found a radiant altar of Vehumet.
  6667 | D:5      | HP: 1/64 [orc warrior/+0 glaive (15)]
  7015 | D:6      | Learned a level 5 spell: Blade Hands
  7017 | D:6      | Learned a level 1 spell: Beastly Appendage
  7094 | D:6      | Reached XP level 9. HP: 46/71 MP: 6/15
  7125 | D:6      | Found a glowing drain.
  7131 | Sewer    | Entered a sewer
  8002 | D:6      | Reached skill level 7 in Unarmed Combat
  8004 | D:6      | Got a crude quarterstaff
  8096 | D:6      | Identified the +6 quarterstaff "Xetoemm" {holy, rC+} (You
                  | found it on level 6 of the Dungeon)
  8587 | D:6      | Upgraded the game from 0.25.1-9-gc5326a611f to
                  | 0.25.1-11-g244df3a29b
  8587 | D:6      | Quit the game

Illustrated notes

Levels and vault maps discovered:
D:1:      nicolae_arrival_memento_mori, layout_rooms, kennysheep_boxes
D:2:      layout_loops_ring, riverfiend_overflow_shadow_ancestor, uniq_sigmund
D:3:      layout_basic, nicolae_overflow_crystal_walls
D:4:      wad_woods_stonehenge, layout_rooms, minmay_temple_entry_large_hall,
          first_ration, grunt_ministairs_2, minmay_fire_ice_demons
D:5:      minmay_inner_zag, layout_basic, lemuel_doored_altar,
          dk_noncrumbling_3, uniq_menkaure
D:6:      layout_cave_pools, gup_sewer_entry_bubbles
Temple:   minmay_temple_bridge_d

Skill      XL: |  1  2  3  4  5  6  7  8  9 |
---------------+----------------------------+-----
Unarmed Combat | 3 4 5 6 7 |  7.2
Transmutations | 2 3 5 6 |  6.8
Spellcasting   | 3 4 |  4.0
Poison Magic   | 2 3 |  3.0
Fighting       | 2 3 |  3.7
Ice Magic      | 2 3 4 |  4.0
Dodging        | |  1.7

Action                   |  1- 3 |  4- 6 |  7- 9 || total
-------------------------+-------+-------+-------++-------
Melee: Unarmed           |    94 |   133 |   291 ||   518
       Headbutt          |     7 |     2 |       ||     9
       Kick              |     4 |     8 |     3 ||    15
       Punch             |       |     3 |     3 ||     6
Throw: Dart              |       |       |     6 ||     6
 Cast: Beastly Appendage |    16 |    13 |     5 ||    34
       Spider Form       |     2 |    16 |    18 ||    36
       Ice Form          |       |       |    14 ||    14
       Blade Hands       |       |       |     3 ||     3
Invok: Ancestor Life: He |       |       |     1 ||     1
  Use: Scroll            |       |     1 |    12 ||    13
 Stab: Sleeping          |       |     1 |       ||     1
  Eat: Chunk             |     1 |     7 |    12 ||    20
       Ration            |       |     1 |     3 ||     4
Armor: Robe              |    26 |    10 |     4 ||    40
       Skin              |       |     2 |    45 ||    47
Dodge: Dodged            |    60 |    91 |   155 ||   306
